 Zot Defence DCSS version 0.14-a0-2091-gca92d1a (webtiles) character file.

36 BluebellGnoll the Ruinous (level 3, -1/19 HPs)
             Began as a Deep Elf Conjurer on Jan 25, 2014.
             Slain by Shruuqont the two-headed ogre
             ... wielding a +0,+0 dire flail
              (7 damage)
             ... in the Realm of Zot (Scenario I: Hall of Zot).
             The game lasted 00:04:28 (448 turns).

BluebellGnoll the Ruinous (Deep Elf Conjurer)        Turns: 448, Time: 00:04:28

HP  -1/19        AC  2     Str  5      XL: 3   Next: 19%
MP   4/10        EV 13     Int 20      God:
Gold 0           SH  0     Dex 15      Spells:  3 memorised,  2 levels left

rFire  . . .     SeeInvis .     l - +0 dagger
rCold  . . .     Clarity  .     a - +0 elf robe
rNeg   . . .     Conserve .     (no shield)
rPois  .         rCorr    .     (no helmet)
rElec  .         rRot     .     (no cloak)
SustAb . .       Spirit   .     (no gloves)
rMut   .         Warding  .     (no boots)
Saprov . . .     Stasis   .     (no amulet)
MR     .....                    (no ring)
                                (no ring)

@: not resistant to hostile enchantments, fairly stealthy
A: no striking features
a: Make dart trap, Make oklob sapling, Make arrow trap


You were in the Realm of Zot.
You were not hungry.

You visited 1 branch

Inventory:

Hand weapons
 l - a +0,+0 dagger (weapon)
Missiles
 j - 9 darts (quivered)
Armour
 a - a +0 elven robe (worn)
Comestibles
 d - a bread ration
Scrolls
 i - a scroll of blinking
Potions
 b - 3 potions of curing
 e - a potion of heal wounds
 f - a potion of speed
 g - 2 potions of magic
 h - a potion of berserk rage
Books
 c - a book of Conjurations

   Spells                             Type                      Level
   *Magic Dart                        Conjuration                  1
   *Searing Ray                       Conjuration                  2
   *Dazzling Spray                    Conjuration/Hexes            3
   Iskenderun's Mystic Blast          Conjuration                  4
   Iskenderun's Battlesphere          Conjuration/Charms           4
   Fulminant Prism                    Conjuration/Hexes            5


   Skills:
 * Level 3.1 Dodging
 - Level 2.4 Stealth
 * Level 3.0 Spellcasting
 + Level 5.2 Conjurations


You had 2 spell levels left.
You knew the following spells:

 Your Spells              Type           Power        Failure   Level  Hunger
a - Magic Dart            Conj           ###.         1%          1    None
b - Searing Ray           Conj           ###...       2%          2    ##.....
c - Dazzling Spray        Conj/Hex       ##......     17%         3    ###....


Dungeon Overview and Level Annotations

Branches:
    Zot (1/1)

Altars:


Message History

There is a dart trap here.
You see here an orcish club.
A dart hits Shruuqont!
Things that are here:
a dart; 5 stones; a +0,+0 orcish dagger; the Orb of Zot
Casting: Magic Dart
Confirm with . or Enter, or press ? or * to list all spells.
Aiming: Searing Ray
Press: ? - help, Shift-Dir - straight line, f - Shruuqont
Aim: Shruuqont the two-headed ogre, wielding a dire flail and a giant spiked club (lightly wounded)
The searing ray hits Shruuqont.
Shruuqont is lightly wounded.
A dart hits Shruuqont!
The searing ray hits Shruuqont.
Shruuqont is moderately wounded.
The searing ray hits Shruuqont.
Shruuqont is heavily wounded.
A dart hits Shruuqont!
Shruuqont closely misses you.
Shruuqont hits you with a giant spiked club!
You die...

▓▓▓▓▓▓▓▓ ▓▓▓▓▓▓▓▓ ....▓▓▓▓
▓▓▓▓.... .......▓▓▓ ▓▓▓.......
.........▓▓ ▓▓.........
..........▓ ▓▓▓▓▓▓▓▓▓ ▓..........
..........▓▓▓.......▓▓▓..........
..........▓▓.........▓▓..........
.........^▓..........^▓..........
..........^^^^^^@O^^^^^..........
.........^▓...........▓^.........
..........▓▓.........▓▓..........
..........▓▓▓.......▓▓▓..........
..........# ▓▓▓▓▓▓▓▓▓ #..........
.........## ##.........
.......### ###....... ....####
####.... ######### #########


You could see Shruuqont the two-headed ogre.

Vanquished Creatures
  2 bats (Zot)
  A giant cockroach (Zot)
  A goblin (Zot)
  A jackal (Zot)
  2 kobolds (Zot)
7 creatures vanquished.

Vanquished Creatures (others)
  5 goblins (Zot)
  A hobgoblin (Zot)
  3 kobolds (Zot)
  3 ball pythons (Zot)
  2 giant newts (Zot)
  2 rats (Zot)
16 creatures vanquished.

Grand Total: 23 creatures vanquished

Notes
Turn   | Place    | Note
--------------------------------------------------------------
     0 | Zot      | BluebellGnoll, the Deep Elf Conjurer, began the quest for the Orb.
     0 | Zot      | Reached XP level 1. HP: 10/10 MP: 5/5
   216 | Zot      | Reached XP level 2. HP: 15/15 MP: 0/8
   220 | Zot      | Learned a level 2 spell: Searing Ray
   330 | Zot      | Reached skill level 5 in Conjurations
   414 | Zot      | Reached XP level 3. HP: 19/19 MP: 10/10
   419 | Zot      | Learned a level 3 spell: Dazzling Spray
   441 | Zot      | Noticed Shruuqont
   448 | Zot      | Slain by Shruuqont the two-headed ogre

Action                   || total
-------------------------++-------
Melee: Unarmed           ||     2
       Dagger            ||     4
 Cast: Magic Dart        ||    12
       Searing Ray       ||     1
 Abil: Make dart trap    ||    16
